AoeStats
← danjo

Migration

505180051Analyzed
1v1 RM · 25d ago on Sep 8, 2026· 44m 45s· 2 players
Game mode
Random Map
Map size
132×132
Population
200
Speed
Normal
Resources
Standard
Victory
Conquest
Starting age
Dark Age
Ending age
Imperial Age
RankedLock teamsTeams togetherTeam positionsShared explorationLock speedFull tech treeHidden civsTurbo modeCheats
Victory
Defeat
🇩🇪 Dravidians · Germany
1050
+16
🇩🇪 Spanish · Germany
1054
-16
danjo
10:53 Feudal Age
15:48 Castle Age
16:48 Medium Warships
21:04 Double-Bit Axe
23:52 Loom
26:01 Scale Mail Armor
28:18 Fletching
29:25 Elite Skirmisher
30:09 Padded Archer Armor
30:19 Forging
31:05 Bodkin Arrow
31:51 Thumb Ring
36:17 Imperial Age
35:22 Leather Archer Armor
34:56 Fishing Lines
38:32 Chemistry
37:43 Gillnets
38:19 Heavy Warships
37:53 Gold Mining
40:51 Bracer
41:05 Elite Cannon Galleon
dergrashalmdeineroma
8:06 Loom
11:06 Feudal Age
11:41 Double-Bit Axe
17:19 Castle Age
15:30 Fletching
16:32 Gold Mining
19:13 Medium Warships
24:01 Town Watch
25:04 Ballistics
29:43 Bow Saw
34:20 Wheelbarrow
39:10 Imperial Age
37:30 Bodkin Arrow
37:36 Padded Archer Armor
37:21 Horse Collar
37:30 Fishing Lines
38:36 Hand Cart
38:37 Gillnets
40:51 Chemistry
39:54 Bracer
42:05 Heavy Plow
Connection lost

Rejoining the realm…

Still unreachable

The connection could not be restored.

Session expired

The server has moved on; the page needs a fresh start.